 Dungeon Crawl Stone Soup version 0.14.1-24-gbdbe590 (webtiles) character file.

137 MRaven the Charmwright (level 4, 0/29 HPs)
             Began as a High Elf Skald on July 2, 2014.
             Slain by an orc
             ... wielding a +0,+0 club
              (5 damage)
             ... on Level 2 of the Dungeon on July 3, 2014.
             The game lasted 00:16:31 (2718 turns).

MRaven the Charmwright (High Elf Skald)             Turns: 2718, Time: 00:16:31

HP   0/29        AC  4     Str 12      XL: 4   Next:  0%
MP  18/20        EV 11     Int 16      God:
Gold 70          SH  0     Dex 14      Spells:  3 memorised,  3 levels left

rFire  . . .     SeeInvis .     a - +1,+0 falchion
rCold  . . .     Clarity  .     i - +0 leather armour
rNeg   . . .     Conserve .     (no shield)
rPois  .         rCorr    .     (no helmet)
rElec  .         rRot     .     g - +0 cloak (curse)
SustAb . .       Spirit   .     (no gloves)
rMut   .         Warding  .     (no boots)
Saprov . . .     Stasis   .     (no amulet)
MR     .....                    (no ring)
                                e - ring of magical power

@: slowed, very slow, not resistant to hostile enchantments, unstealthy
A: no striking features
a: no special abilities


You were on level 2 of the Dungeon.
You were not hungry.

You visited 1 branch of the dungeon, and saw 2 of its levels.

You collected 70 gold pieces.

Inventory:

Hand weapons
 a - a +1,+0 falchion (weapon)
Missiles
 f - 14 arrows
Armour
 b - a +0 leather armour
 g - a cursed +0 cloak (worn)
 i - a +0 leather armour (worn)
Magical devices
 q - a wand of fireball (1)
Comestibles
 d - 3 bread rations
 n - a meat ration
 p - a chunk of jackal flesh
 r - a rotting chunk of rat flesh
Scrolls
 h - 5 scrolls of identify
 o - a scroll of noise {unknown}
Jewellery
 e - a ring of magical power (left hand)
Potions
 j - a potion of agility {unknown}
 k - a potion of brilliance
 m - a potion of curing {unknown}
Books
 c - a book of Battle

   Spells                             Type                      Level
   *Infusion                          Charms                       1
   *Shroud of Golubria                Charms/Translocation         2
   *Song of Slaying                   Charms                       2
   Spectral Weapon                    Hexes/Charms                 3
   Regeneration                       Charms/Necromancy            3


   Skills:
 - Level 2.0 Fighting
 * Level 3.6 Long Blades
 - Level 0.8 Armour
 + Level 1.9 Dodging
 - Level 2.9 Spellcasting
 + Level 4.4 Charms


You had 3 spell levels left.
You knew the following spells:

 Your Spells              Type           Power        Failure   Level  Hunger
a - Infusion              Chrm           ###...       3%          1    #......
b - Song of Slaying       Chrm           ###.....     6%          2    ##.....
c - Shroud of Golubria    Chrm/Tloc      #.........   14%         2    ##.....


Dungeon Overview and Level Annotations

Branches:
Dungeon (2/15)

Altars:


Message History

The orc wizard gestures wildly while chanting.
The orc wizard blinks!
The orc shouts!
The orc wizard points at you and mumbles some strange words.
The magic dart hits you! The orc wizard casts a spell at you.
The magic dart hits you!
* * * LOW HITPOINT WARNING * * *
The orc wizard casts a spell.
The orc wizard blinks!
Drink which item? (? for menu, Esc to quit)
Okay, then.
The orc closely misses you.
You hit the orc.
The orc is moderately wounded.
The orc barely misses you.
You hit the orc.
The orc is severely wounded.
The orc barely misses you. The orc hits you with a club.
You die...

........#.#.#............#...#%##
..........#.#..#.#......##.#.....
###.###.#>.......................
#.# #.#...#.#######.#.##.#.####
###.###.#.#....# #.#....#.#
........#.#....# #.#....#.#
........#.#....######.#)##.#.####
###.###.#.#....#.oo.#.#.##.......
...............#@##ยง#.#.##.#.####
#.#.###.#.#....#.##.o...# #.##
#.#.......#....#.##.....# #..#
#.#.###...#....#.##....o# #..#
#.#####...#....#.##.%...# #..#
#.#.......#....#....#.#.####..#
#.#.###.#.#.........#.#.......#
#.#.# #.#.#......##.#.######..#
#.#.###.#........#.........#..###


You could see an orc wizard and an orc.

Vanquished Creatures
  Ijyb (D:2)
  2 adders (D:2)
  A giant gecko (D:1)
  An orc (D:2)
  2 hobgoblins
  4 jackals
  7 bats
  2 giant cockroaches (D:2)
  3 giant newts
  4 goblins (D:2)
  3 kobolds
  2 rats
32 creatures vanquished.

Notes
Turn   | Place    | Note
--------------------------------------------------------------
     0 | D:1      | MRaven, the High Elf Skald, began the quest for the Orb.
     0 | D:1      | Reached XP level 1. HP: 14/14 MP: 4/4
   668 | D:1      | Reached skill level 4 in Charms
   745 | D:1      | Reached XP level 2. HP: 19/19 MP: 6/6
   941 | D:1      | Learned a level 2 spell: Song of Slaying
   944 | D:1      | Learned a level 2 spell: Shroud of Golubria
  1344 | D:2      | Noticed Ijyb
  1373 | D:2      | Killed Ijyb
  1373 | D:2      | Reached XP level 3. HP: 16/24 MP: 8/8
  2677 | D:2      | Reached XP level 4. HP: 26/29 MP: 11/11
  2718 | D:2      | Slain by an orc

Action                   |  1- 3 |  4- 6 || total
-------------------------+-------+-------++-------
Melee: Falchion          |   129 |    17 ||   146
 Cast: Infusion          |     9 |     1 ||    10
       Shroud of Golubri |     1 |       ||     1
Evoke: Wand              |     1 |       ||     1
  Use: Scroll            |     4 |       ||     4
       Potion            |     1 |     1 ||     2
